 Dungeon Crawl Stone Soup version 0.31-a0-489-g282fc92437 (console) character file.

Game seed: 13698134365652318217

58 Lexodia the Cudgeller (level 4, -2/44 HPs)
             Began as an Ogre Warper on Aug 8, 2023.
             Slain by a worm (11 damage)
             ... on level 2 of the Dungeon.
             The game lasted 00:02:04 (1447 turns).

Lexodia the Cudgeller (Ogre Warper)                 Turns: 1447, Time: 00:02:05

Health: -2/44      AC:  3    Str: 15    XL:     4   Next: 2%
Magic:  7/7        EV:  9    Int: 16    God:
Gold:   90         SH:  0    Dex:  8    Spells: 3/7 levels left

rFire   . . .        g - +0 whip
rCold   . . .        (no shield)
rNeg    . . .        b - +0 robe
rPois   .            (helmet restricted)
rElec   .            (no cloak)
rCorr   .            (gloves unavailable)
SInv    .            (boots unavailable)
Will    .....        (no amulet)
Stlth   +            (no ring)
HPRegen 0.27/turn    (no ring)
MPRegen 0.10/turn

%: no passive effects
@: no status effects
A: large, unfitting armour, tough skin 1
a: no special abilities


You were on level 2 of the Dungeon.
You visited 1 branch of the dungeon, and saw 2 of its levels.

You collected 90 gold pieces.

Inventory:

Hand Weapons
 a - a +0 mace
 g - a +0 whip (weapon)
Missiles
 d - 7 darts of dispersal (quivered)
 h - 6 atropa-tipped darts
Armour
 b - a +0 robe (worn)
Scrolls
 c - a scroll of blinking
 i - a scroll of teleportation {unknown}
 k - a scroll of noise {unknown}
 l - a scroll of immolation {unknown}
Potions
 e - a potion of might {unknown}
 f - a potion of lignification {unknown}
 j - a potion of enlightenment {unknown}
 m - a potion of mutation {unknown}


   Skills:
 - Level 2.6 Fighting
 + Level 3.8 Maces & Flails
 - Level 1.0 Throwing
 - Level 2.1 Dodging
 - Level 2.4 Spellcasting
 - Level 2.6 Translocations


You had 3 spell levels left.
You knew the following spells:

 Your Spells              Type           Power      Damage    Failure   Level
a - Blink                 Tloc           20%        N/A       10%         2
b - Lesser Beckoning      Tloc           20%        N/A       10%         2

Your spell library contained the following spells:

 Spells                   Type           Power      Damage    Failure   Level
 Teleport Other           Tloc           10%        N/A       21%         3
 Vhi's Electric Charge    Tloc/Air       12%        N/A       34%         3
 Manifold Assault         Tloc           10%        N/A       54%         4


Dungeon Overview and Level Annotations

Branches:
Dungeon (2/15)

Altars:


Innate Abilities, Weirdness & Mutations

You are too large for most types of armour.
You have tough skin. (AC +1)


Message History

The worm bites you!
Huge Dmg: -23%(-10hp) hp: 64%(28hp)
You hit the worm but do no damage. The worm bites you!
Huge Dmg: -25%(-11hp) hp: 39%(17hp)
You hit the worm.
The worm is moderately wounded.
You hit the worm.
The worm is heavily wounded.
The worm bites you.
* * * LOW HITPOINT WARNING * * *
Huge Dmg: -13%(-6hp) hp: 28%(12hp)
You hit the worm.
The worm is heavily wounded.
You hit the worm.
The worm is heavily wounded.
The worm bites you.
* * * LOW HITPOINT WARNING * * *
Damage: -3%(-1hp) hp: 25%(11hp)
You hit the worm but do no damage.
The worm is heavily wounded.
Unknown command.
You hit the worm.
The worm is heavily wounded.
The worm barely misses you.
You barely miss the worm.
The worm is heavily wounded.
You hit the worm.
The worm is severely wounded.
The worm barely misses you.
You hit the worm.
The worm is severely wounded.
The worm bites you.
* * * LOW HITPOINT WARNING * * *
Huge Dmg: -9%(-4hp) hp: 19%(8hp)
You barely miss the worm.
The worm is severely wounded.
You hit the worm.
The worm is severely wounded.
The worm bites you!
You die...

####### #.......#
#############.......#
........†@.##...(...#
##########w##.......#
.........+........
#######..#.......#
##.........#
##........#
#.############# #.#
#........ #.###
#........


You could see a worm.

Vanquished Creatures
  2 adders (D:2)
  2 dart slugs (D:1)
  3 ball pythons (D:1)
  3 endoplasms (D:1)
  A giant cockroach (D:2)
  2 goblins (D:1)
  6 hobgoblins (D:1)
  3 jackals (D:1)
  3 kobolds (D:1)
  A quokka (D:1)
  2 bats (D:1)
  4 rats (D:1)
32 creatures vanquished.

Notes
Turn   | Place    | Note
-------+----------+-------------------------------------------
     0 | D:1      | Lexodia the Ogre Warper began the quest for the Orb.
     0 | D:1      | Reached XP level 1. HP: 22/22 MP: 3/3
    27 | D:1      | Huge Dmg: 6 dmg
    29 | D:1      | Reached skill level 2 in Maces & Flails
    84 | D:1      | Huge Dmg: 8 dmg
   163 | D:1      | Reached XP level 2. HP: 27/29 MP: 5/5
   210 | D:1      | Learned a level 2 spell: Blink
   272 | D:1      | Learned a level 2 spell: Lesser Beckoning
   282 | D:1      | Huge Dmg: 8 dmg
   443 | D:1      | Reached skill level 3 in Maces & Flails
   492 | D:1      | Huge Dmg: 8 dmg
   515 | D:1      | Reached XP level 3. HP: 14/36 MP: 1/6
   707 | D:1      | Huge Dmg: 4 dmg
  1300 | D:2      | Reached XP level 4. HP: 20/44 MP: 7/7
  1402 | D:2      | Huge Dmg: 11 dmg
  1436 | D:2      | Huge Dmg: 10 dmg
  1437 | D:2      | Huge Dmg: 11 dmg
  1439 | D:2      | Huge Dmg: 6 dmg
  1446 | D:2      | Huge Dmg: 4 dmg
  1447 | D:2      | Slain by a worm

Illustrated notes

Levels and vault maps discovered:
D:1:      minmay_arrival_hallway, layout_rooms
D:2:      layout_basic

Skill      XL: |  1  2 |
---------------+-------+-----
Maces & Flails | 2 3 |  3.8
Fighting       | |  2.6
Throwing       | |  1.0
Dodging        | |  2.1
Spellcasting   | |  2.4
Translocations | |  2.6

Action                     |  1- 3 |  4- 6 || total
---------------------------+-------+-------++-------
  Melee: Mace              |   100 |       ||   100
         Punch             |     1 |       ||     1
         Whip              |    45 |    17 ||    62
   Cast: Blink             |     2 |     1 ||     3
         Lesser Beckoning  |     2 |       ||     2
 Armour: Robe              |   172 |     2 ||   174
  Dodge: Dodged            |   200 |     3 ||   203

Table legend: (Time is in decaauts)
 A = Elapsed time spent in this place.
 B = Non-inter-level travel time spent in this place.
 C = Inter-level travel time spent in this place.
 D = Time resting spent in this place.
 E = Time spent auto-exploring this place.
 F = Levels seen in this place.
 G = Mean time per level.
                   A        B        C        D        E       F      G
               +--------+--------+--------+--------+--------+-----+--------+
         Total |   1468 |   1456 |     12 |     12 |    964 |   2 |  734.0 |
       Dungeon |   1468 |   1456 |     12 |     12 |    964 |   2 |  734.0 |
               +--------+--------+--------+--------+--------+-----+--------+

Top non-repeatable levels by time:
     D:1: 1066 daAuts
     D:2: 401 daAuts
